 Dungeon Crawl Stone Soup version 0.25.0-9-g26727b657a (webtiles) character file.

Game seed: 7558564808472149815

141 HoaS the Twirler (level 5, 0/33 HPs)
             Began as a Gargoyle Gladiator on June 20, 2020.
             Slain by an orc priest
             ... wielding a +1 vampiric short sword
              (1 damage)
             ... on level 3 of the Dungeon.
             The game lasted 00:03:47 (2020 turns).

HoaS the Twirler (Gargoyle Gladiator)               Turns: 2020, Time: 00:03:47

Health: 0/33       AC:  8    Str: 19    XL:     5   Next: 24%
Magic:  5/5        EV: 16    Int:  8    God:
Gold:   116        SH:  0    Dex: 11    Spells: 4/4 levels left

rFire    . . .     SeeInvis .   a - +0 quarterstaff
rCold    . . .     Gourm    .   (shield currently unavailable)
rNeg     + . .     Faith    .   b - +0 leather armour
rPois    ∞         Spirit   .   c - +0 helmet
rElec    +         Reflect  .   (no cloak)
rCorr    .         Harm     .   (no gloves)
MR       .....                  (no boots)
Stlth    +.........             (no amulet)
HPRegen  0.11/turn              q - +4 ring of evasion
MPRegen  0.09/turn              (no ring)

@: slowed, very slow
A: negative energy resistance 1, electricity resistance, unbreathing,
petrification resistance, rot immunity, AC +4
a: no special abilities


You were on level 3 of the Dungeon.
You were not hungry.

You visited 1 branch of the dungeon, and saw 3 of its levels.

You collected 116 gold pieces.

Inventory:

Hand Weapons
 a - a +0 quarterstaff (weapon)
Missiles
 d - 3 throwing nets (quivered)
 p - 7 boomerangs
Armour
 b - a +0 leather armour (worn)
 c - a +0 helmet (worn)
 e - a +0 chain mail
Jewellery
 q - a +4 ring of evasion (left hand)
Scrolls
 k - a scroll of identify
Potions
 g - a potion of lignification {unknown}
 i - a potion of ambrosia {unknown}
 j - a potion of degeneration {unknown}
 l - 2 potions of heal wounds {unknown}
 n - a potion of flight {unknown}
 o - 2 potions of mutation {unknown}
 r - a potion of might
Comestibles
 f - 3 rations
 h - 9 chunks of flesh


   Skills:
 + Level 3.7 Fighting
 * Level 5.0 Staves
 - Level 1.7 Throwing
 - Level 2.4 Dodging


You had 4 spell levels left.
You didn't know any spells.
Your spell library was empty.

Dungeon Overview and Level Annotations

Branches:
Dungeon (3/15)

Altars:
Fedhas
Yredelemnul


Innate Abilities, Weirdness & Mutations

You are resistant to torment.
Your stone body is resilient. (AC +4)
You are immune to poison.
You resist negative energy. (rN+)
You are resistant to electric shocks. (rElec)
You can survive without breathing.
You are immune to petrification.
You are immune to rotting.


Message History

The orc shouts!
You hear a shout!
An orc comes into view.
It is wielding a +0 dagger and carrying a wand of flame (11).
An orc comes into view.
The orc priest mumbles some strange prayers to Beogh against you.
Pain shoots through your body!
* * * LOW HITPOINT WARNING * * *
Your leather armour prevents you from hitting the orc priest.
The orc priest hits you but does no damage.
The orc closely misses you.
You hit the orc priest.
The orc priest is lightly wounded.
The orc priest hits you but does no damage.
The orc hits you but does no damage.
The orc priest hits you with a +1 vampiric short sword.
* * * LOW HITPOINT WARNING * * *
You hit the orc priest.
The orc priest is lightly wounded.
The orc barely misses you.
The orc priest hits you with a +1 vampiric short sword.
You die...

#.# #.### ....# #.#
#.#.# ##.## #.#.# #...#
#.#.# #...# ... #.#÷##
#...# .... #....#
#####...####.....
###..###........@o.o..#
#...†..........o......
#.#.###.............##.
#.#..# #####...####..#
.###.# #...# .... # .##
#..÷# ###. # #...#
##÷## ###)####


You could see an orc priest and 2 orcs.

Vanquished Creatures
  2 orc wizards (D:3)
  An orc priest (D:3)
  A gnoll (D:1)
  An adder (D:2)
  A worm (D:2)
  A dart slug (D:1)
  A leopard gecko (D:1)
  2 orcs (D:3)
  3 bats (D:2)
  2 giant cockroaches
  2 gnoll zombies (D:2)
  2 goblins
  4 hobgoblins
  2 jackals (D:3)
  4 frilled lizards
  5 kobolds
  2 rats
36 creatures vanquished.

Notes
Turn   | Place    | Note
-------+----------+-------------------------------------------
     0 | D:1      | HoaS the Gargoyle Gladiator began the quest for the Orb.
     0 | D:1      | Reached XP level 1. HP: 12/12 MP: 1/1
   111 | D:1      | Reached XP level 2. HP: 15/18 MP: 2/2
   647 | D:1      | Reached XP level 3. HP: 22/22 MP: 3/3
  1135 | D:2      | Found a basalt altar of Yredelemnul.
  1177 | D:2      | Found a blossoming altar of Fedhas.
  1443 | D:2      | Reached skill level 4 in Staves
  1954 | D:3      | Reached XP level 4. HP: 28/28 MP: 4/4
  1980 | D:3      | Reached XP level 5. HP: 27/32 MP: 5/5
  1988 | D:3      | Reached skill level 5 in Staves
  2019 | D:3      | HP: 1/33 [orc priest/+1 vampiric short sword (4)]
  2020 | D:3      | Slain by an orc priest

Illustrated notes

Levels and vault maps discovered:
D:1:      scummos_arrival_simple_crosswalls, layout_loops_ring, minivault_19
D:2:      layout_loops_corners, lemuel_zombie_altar_yredelemnul,
          fedhas_ov_isle_minmay
D:3:      layout_loops_cross, tso_metal_star

Skill      XL: |  1  2  3  4  5 |
---------------+----------------+-----
Staves         | 4 5 |  5.0
Fighting       | 3 |  3.7
Throwing       | |  1.7
Dodging        | |  2.4

Action                   |  1- 3 |  4- 6 || total
-------------------------+-------+-------++-------
Melee: Quarterstaff      |    93 |    37 ||   130
  Use: Scroll            |     6 |       ||     6
 Stab: Sleeping          |     1 |       ||     1
  Eat: Chunk             |     3 |     1 ||     4
Armor: Leather armour    |    26 |    19 ||    45
Dodge: Dodged            |    51 |    35 ||    86
